 Dungeon Crawl Stone Soup version 0.28-a0-793-g31680bbd8b (webtiles) character file.

Game seed: 13720286427228745587

30281 siradein the Fighter (level 13, -2/111 HPs)
             Began as a Demonspawn Berserker on Nov 4, 2021.
             Was a High Priest of Trog.
             Slain by a tyrant leech (11 damage)
             ... on level 4 of the Lair of Beasts.
             The game lasted 01:22:29 (21048 turns).

siradein the Fighter (Demonspawn Berserker)        Turns: 21048, Time: 01:22:30

Health: -2/111     AC: 43    Str: 32    XL:     13   Next: 19%
Magic:  13/13      EV: 12    Int: 11    God:    Trog [*****.]
Gold:   407        SH:  5    Dex: 16    Spells: 12/12 levels left

rFire   + . .      SeeInvis +   R - +6 spear of Cudwita {vamp, Str+4}
rCold   x . .      Faith    .   (no shield)
rNeg    . . .      Spirit   .   U - +15 Maxwell's patent armour {-Cast -Tele rElec Will+ rCorr}
rPois   .          Reflect  +   u - +0 helmet {Int+3}
rElec   +          Harm     .   N - +2 cloak
rCorr   +          Rampage  .   I - +0 pair of gloves of Wumois {Str+8}
Will    ++...      NoTele   +   J - +0 pair of boots
Stlth   .......... NoCast   +   x - amulet of reflection
HPRegen 1.28/turn               Y - ring of Tiv Ragigig {Fire Will- rCorr Slay+5 SInv}
MPRegen 0.13/turn               Q - +4 ring of protection

@: strong-willed, regenerating
A: hooves 1, rugged brown scales 3, foul stench 2, powered by death 1
a: Renounce Religion, Berserk, Trog's Hand, Brothers in Arms


You were on level 4 of the Lair of Beasts.
You worshipped Trog.
Trog was extremely pleased with you.
You visited 3 branches of the dungeon, and saw 16 of its levels.
You also visited: Gauntlet.

You collected 846 gold pieces.
You spent 439 gold pieces at shops.

Inventory:

Hand Weapons
 r - a +3 hunting sling
 O - the +8 executioner's axe of Ohon {vorpal, rN+}
   (Trog gifted it to you on level 10 of the Dungeon)

   It inflicts extra damage upon your enemies.
   rN:        It protects you from negative energy.
 R - the +6 spear of Cudwita (weapon) {vamp, Str+4}
   (You found it in a Gauntlet)

   It occasionally heals its wielder for a portion of the damage dealt when it
   wounds a living foe.
   Str:       It affects your strength (+4).
Missiles
 d - 63 poisoned darts (quivered)
 i - 3 datura-tipped darts
 l - 142 sling bullets
 y - 6 javelins
 C - 7 curare-tipped darts
 M - 3 atropa-tipped darts
Armour
 u - a +0 helmet of intelligence (worn)
 I - the +0 pair of gloves of Wumois (worn) {Str+8}
   (You bought it in a shop on level 3 of the Dungeon)

   Str:       It affects your strength (+8).
 J - a +0 pair of boots (worn)
 N - a +2 cloak (worn)
 U - the +15 Maxwell's patent armour (worn) {-Cast -Tele rElec Will+ rCorr}
   (You took it off a minotaur in a Gauntlet)

   rElec:     It insulates you from electricity.
   -Cast:     It prevents spellcasting.
   -Tele:     It prevents most forms of teleportation.
   rCorr:     It protects you from acid and corrosion.
   Will:      It increases your willpower.
Jewellery
 b - a +6 ring of strength
 j - a ring of flight
 x - an amulet of reflection (around neck)
 z - a ring of resist corrosion
 G - a ring of willpower
 Q - a +4 ring of protection (right hand)
 S - a +4 ring of evasion
 Y - the ring of Tiv Ragigig (left hand) {Fire Will- rCorr Slay+5 SInv}
   (You found it on level 1 of the Lair of Beasts)

   [ring of fire]

   It enhances your fire magic.
   Slay:      It affects your accuracy & damage with ranged weapons and melee
   (+5).
   rF:        It protects you from fire.
   rC:        It makes you vulnerable to cold.
   SInv:      It lets you see invisible.
   rCorr:     It protects you from acid and corrosion.
   Will:      It decreases your willpower.
 Z - a ring of ice
Wands
 f - a wand of iceblast (13)
 B - a wand of flame (67)
 H - a wand of digging (10)
 X - a wand of charming (6)
Scrolls
 g - a scroll of brand weapon {unknown}
 h - a scroll of fog
 m - 7 scrolls of teleportation
 n - 2 scrolls of immolation
 A - 2 scrolls of enchant weapon
 F - a scroll of blinking
 L - a scroll of amnesia {unknown}
 W - a scroll of magic mapping
Potions
 a - 2 potions of might
 c - 4 potions of magic
 e - 2 potions of invisibility
 k - a potion of flight
 p - 6 potions of curing
 q - 2 potions of attraction {unknown}
 s - 5 potions of heal wounds
 E - 2 potions of haste {unknown}
 K - 3 potions of ambrosia {unknown}
 T - a potion of resistance {unknown}
Miscellaneous
 t - a piece from Xom's chessboard (15/15)
 V - a lightning rod (4/4)


   Skills:
 + Level 10.6 Fighting
 + Level 5.8(8.1) Axes
 - Level 7.4(8.4) Maces & Flails
 + Level 4.0(5.5) Polearms
 + Level 9.1 Slings
 + Level 9.4 Armour
 + Level 9.4 Dodging
 + Level 1.7 Evocations


You had 12 spell levels left.
You didn't know any spells.
Your spell library was empty.

Dungeon Overview and Level Annotations

Branches:
Dungeon (11/15)            Temple (1/1) D:5            Lair (4/6) D:11
  Swamp (0/4) Lair:4       Spider (0/4) Lair:3          Orc (0/2) D:9
Gauntlet (visited)

Altars:
Cheibriados
Dithmenos
Elyvilon
Fedhas
Gozag
Hepliaklqana
Kikubaaqudgha
Nemelex Xobeh
Okawaru
Ru
Sif Muna
Trog
Uskayaw
Vehumet
Wu Jian
Xom
Yredelemnul
Zin
The Shining One

Shops:
D:3 [   D:7 [[!   D:8 ![   D:11 [


Innate Abilities, Weirdness & Mutations

You have large cloven feet.
You are completely covered in rugged brown scales. (AC +3, +7% HP)
You sometimes emit foul miasma when damaged in melee.
You regenerate a little health from kills.


Message History

You block the five-headed hydra's attack.
The five-headed hydra bites you!
The five-headed hydra barely misses you.
You puncture the five-headed hydra!
The five-headed hydra is heavily wounded.
The five-headed hydra bites you but does no damage.
The five-headed hydra misses you.
The five-headed hydra completely misses you.
The five-headed hydra misses you. The five-headed hydra bites you!
* * * LOW HITPOINT WARNING * * *
Your skin crawls.
You feel strong-willed.
You block the five-headed hydra's attack.
The five-headed hydra bites you but does no damage. x2
The five-headed hydra misses you.
The five-headed hydra bites you but does no damage.
The tyrant leech bites you!
* * * LOW HITPOINT WARNING * * *
The tyrant leech draws strength from your injuries!
You puncture the five-headed hydra!
The five-headed hydra is severely wounded.
You hit the five-headed hydra but do no damage.
The five-headed hydra is severely wounded.
The five-headed hydra misses you.
The five-headed hydra bites you but does no damage.
The five-headed hydra completely misses you.
The five-headed hydra bites you but does no damage.
The five-headed hydra misses you.
The tyrant leech bites you but does no damage.
You puncture the five-headed hydra!
The five-headed hydra is almost dead.
The five-headed hydra bites you.
* * * LOW HITPOINT WARNING * * *
The five-headed hydra bites you but does no damage.
The five-headed hydra closely misses you.
The five-headed hydra barely misses you.
The five-headed hydra bites you!
* * * LOW HITPOINT WARNING * * *
The tyrant leech bites you!
You die...

.................................
.................................
..#####..........................
..# #.#.........................
### ####.........D...P......w...
# #.#.........#.P.....#.....
######.#.#####.....###P...
###D#####.(.....#####
#####@P##.......##
##.##..w........##
####...รทรท.......#...#
#................#..#
##.............##..##
#........._...##..#
###............##P..#
#...............#...# ####
##..............###..#


You could see a five-headed hydra and a tyrant leech.

Vanquished Creatures
  A blizzard demon (Gauntlet)
  A yaktaur captain (D:10)
  A centaur warrior (D:11)
  A catoblepas (Gauntlet)
  A hydra (Lair:4)
  A death yak (Lair:2)
  The ghost of Woods the Martial Artist, a novice GnTm (D:7)
  3 skeletal warriors (D:11)
  A harpy (D:10)
  An oklob plant (Lair:4)
  2 cyclopes (D:10)
  2 black mambas (Lair:4)
  3 elephants (Lair:4)
  2 gargoyles (Gauntlet)
  A kobold demonologist (D:11)
  2 komodo dragons
  5 cane toads
  2 ice devils (Gauntlet)
  3 trolls (D:11)
  2 polar bears
  A jumping spider (Lair:3)
  Prince Ribbit (D:5)
  11 flying skulls (Gauntlet)
  2 shadows
  2 spriggans (Lair:1)
  2 redbacks (Lair:3)
  36 yaks
  An air elemental (D:11)
  5 wyverns
  A wraith (D:11)
  A basilisk (Lair:4)
  A fire elemental (D:11)
  2 steam dragons
  Edmund (D:6)
  2 acid dragons
  2 swamp worms (Lair:4)
  3 water moccasins
  5 orc warriors
  A sky beast (D:5)
  2 black bears
  A hornet zombie (D:8)
  An ice beast (D:6)
  A necrophage (D:6)
  4 ogres
  4 wolves (Lair:4)
  2 phantoms (D:6)
  8 centaurs
  3 kobold brigands
  9 bullfrogs
  An earth elemental (D:11)
  A scorpion (D:3)
  A water moccasin skeleton (D:5)
  A killer bee (D:10)
  4 wights (D:8)
  3 electric eels (D:7)
  8 howler monkeys
  A spectral centaur (D:7)
  4 centaur zombies
  A jelly (D:8)
  2 hounds
  8 orc priests
  A bullfrog skeleton (D:7)
  A centaur skeleton (D:6)
  Jessica (D:3)
  Ijyb (D:5)
  Natasha (thrice) (D:3)
  5 iguanas
  6 orc wizards
  A killer bee zombie (D:7)
  3 howler monkey zombies
  7 gnolls
  8 adders
  3 howler monkey skeletons (D:7)
  6 river rats (D:6)
  2 white imps
  An ufetubus (D:6)
  An adder zombie (D:5)
  A worm (D:2)
  A dart slug (D:1)
  30 orcs
  2 bats
  7 endoplasms
  2 giant cockroaches
  10 goblins
  7 hobgoblins
  8 jackals
  6 quokkas
  9 ball pythons
  2 frilled lizards (D:3)
  25 kobolds
  18 rats
  A bush (Lair:4)
365 creatures vanquished.

Vanquished Creatures (collateral kills)
  A minotaur (Gauntlet)
1 creature vanquished.

Vanquished Creatures (others)
  A water elemental (D:11)
  14 fungi
  24 plants
39 creatures vanquished.

Grand Total: 405 creatures vanquished

Notes
Turn   | Place    | Note
-------+----------+-------------------------------------------
     0 | D:1      | siradein the Demonspawn Berserker began the quest for the
                  | Orb.
     0 | D:1      | Reached XP level 1. HP: 18/18 MP: 1/1
    73 | D:1      | Gained mutation: You are partially covered in rugged brown
                  | scales. (AC +1, +3% HP) [demonic ancestry]
    73 | D:1      | Reached XP level 2. HP: 7/24 MP: 2/2
  1068 | D:1      | Gained mutation: You are mostly covered in rugged brown
                  | scales. (AC +2, +5% HP) [demonic ancestry]
  1068 | D:1      | Reached XP level 3. HP: 20/30 MP: 3/3
  1335 | D:1      | Reached ** piety under Trog
  1945 | D:2      | Gained mutation: You may rarely emit foul miasma when
                  | damaged in melee. [demonic ancestry]
  1945 | D:2      | Reached XP level 4. HP: 36/36 MP: 4/4
  2680 | D:3      | Noticed Jessica
  2684 | D:3      | Killed Jessica
  2875 | D:3      | Noticed Natasha
  2883 | D:3      | Killed Natasha
  2884 | D:3      | Reached XP level 5. HP: 44/44 MP: 5/5
  3113 | D:3      | Reached skill level 4 in Fighting
  3113 | D:3      | Reached skill level 1 in Slings
  3199 | D:3      | Found Kiother's Antique Armour Boutique.
  3370 | D:3      | Noticed Natasha
  3386 | D:3      | Killed Natasha
  3387 | D:3      | Gained mutation: You are completely covered in rugged brown
                  | scales. (AC +3, +7% HP) [demonic ancestry]
  3387 | D:3      | Reached XP level 6. HP: 18/51 MP: 6/6
  3393 | D:3      | Noticed Natasha
  3918 | D:3      | Found a faded altar of an unknown god.
  3960 | D:3      | Killed Natasha
  3960 | D:3      | Reached *** piety under Trog
  5215 | D:5      | Entered Level 5 of the Dungeon
  5215 | D:5      | Found a staircase to the Ecumenical Temple.
  5237 | D:5      | Noticed Ijyb
  5247 | D:5      | Killed Ijyb
  5250 | D:5      | Noticed Prince Ribbit
  5259 | Temple   | Entered the Ecumenical Temple
  5423 | D:5      | HP: 1/52 [Prince Ribbit (6)]
  5423 | D:5      | Killed Prince Ribbit
  5424 | D:5      | Gained mutation: You regenerate a little health from kills.
                  | [demonic ancestry]
  5424 | D:5      | Reached XP level 7. HP: 1/58 MP: 7/7
  5733 | D:5      | Found an ornate altar of the Wu Jian Council.
  5951 | D:5      | Reached skill level 5 in Fighting
  6093 | D:5      | Noticed a steam dragon
  6102 | D:5      | Killed a steam dragon
  6103 | D:5      | Gained mutation: You sometimes emit foul miasma when
                  | damaged in melee. [demonic ancestry]
  6103 | D:5      | Reached XP level 8. HP: 66/66 MP: 8/8
  6306 | D:5      | Reached skill level 5 in Maces & Flails
  6962 | D:6      | Noticed Edmund
  6979 | D:6      | Killed Edmund
  7042 | D:6      | Reached skill level 5 in Dodging
  7049 | D:6      | Reached skill level 6 in Fighting
  7049 | D:6      | Reached skill level 5 in Armour
  7349 | D:6      | Reached XP level 9. HP: 71/73 MP: 9/9
  7360 | D:6      | Found a basalt altar of Yredelemnul.
  7738 | D:6      | Reached **** piety under Trog
  8782 | D:7      | Found a runed translucent gate.
  8782 | D:7      | Found a runed translucent gate.
  8782 | D:7      | Found a runed translucent gate.
  8783 | D:7      | Noticed Woods's ghost (novice GnTm)
  9201 | D:7      | Reached skill level 5 in Slings
  9673 | D:7      | Found an opulent altar of Gozag.
  9968 | D:7      | Found Uduurr's Antique Armour Emporium.
  9968 | D:7      | Found Gobex's Antique Armour Shoppe.
  9968 | D:7      | Found Ythurgh's Distillery.
 10110 | D:3      | Bought a pair of warped gloves for 247 gold pieces
 10110 | D:3      | Identified the +0 pair of gloves of Wumois {Str+8} (You
                  | bought it in a shop on level 3 of the Dungeon)
 10277 | D:7      | Bought a potion of curing for 42 gold pieces
 10451 | D:8      | Reached skill level 7 in Fighting
 10636 | D:8      | Found Xaowe's Distillery.
 10661 | D:8      | Gained mutation: You have large cloven feet. [demonic
                  | ancestry]
 10661 | D:8      | Reached XP level 10. HP: 80/84 MP: 10/10
 10873 | D:8      | Found Gipado's Antique Armour Shop.
 11207 | D:9      | Reached ***** piety under Trog
 11963 | D:9      | Found a staircase to the Orcish Mines.
 12433 | D:10     | Entered Level 10 of the Dungeon
 12665 | D:7      | Bought a glowing cloak for 150 gold pieces
 12787 | D:10     | Reached skill level 8 in Fighting
 13015 | D:10     | Found a shimmering altar of Xom.
 13018 | D:10     | Found a shadowy altar of Dithmenos.
 13021 | D:10     | Found a sparkling altar of Nemelex Xobeh.
 13022 | D:10     | Found a sacrificial altar of Ru.
 13022 | D:10     | Found a radiant altar of Vehumet.
 13036 | D:10     | Identified the +8 executioner's axe of Ohon {vorpal, rN+}
                  | (Trog gifted it to you on level 10 of the Dungeon)
 13036 | D:10     | Received a gift from Trog
 13387 | D:10     | Noticed a harpy
 13387 | D:10     | Noticed a yaktaur captain
 13387 | D:10     | Noticed a cyclops
 13387 | D:10     | Noticed a cyclops
 13416 | D:10     | Killed a harpy
 13422 | D:10     | Killed a yaktaur captain
 13423 | D:10     | Reached skill level 1 in Axes
 13423 | D:10     | Reached XP level 11. HP: 93/93 MP: 11/11
 14090 | D:11     | Noticed a skeletal warrior
 14110 | D:11     | Killed a skeletal warrior
 14299 | D:11     | Noticed a skeletal warrior
 14313 | D:11     | Killed a skeletal warrior
 14413 | D:11     | Noticed a skeletal warrior
 14420 | D:11     | Killed a skeletal warrior
 14658 | D:11     | Noticed a centaur warrior
 14715 | D:11     | Killed a centaur warrior
 14716 | D:11     | Reached skill level 9 in Fighting
 15203 | D:11     | Found a staircase to the Lair.
 15353 | D:11     | Found Ruyj's Armour Boutique.
 15429 | D:11     | Found a large runed translucent door.
 15430 | D:11     | Found a large runed translucent door.
 15679 | Lair:1   | Entered Level 1 of the Lair of Beasts
 15695 | Lair:1   | Found a gate leading to a gauntlet.
 15703 | Gauntlet | Entered a Gauntlet
 15703 | Gauntlet | Noticed a catoblepas
 15703 | Gauntlet | Found a transporter.
 15703 | Gauntlet | Found a transporter.
 15715 | Gauntlet | Found a transporter.
 15724 | Gauntlet | Noticed an oklob plant
 15733 | Gauntlet | Found a transporter.
 15733 | Gauntlet | Found a transporter.
 15735 | Gauntlet | Found a transporter.
 15735 | Gauntlet | Found a transporter.
 15750 | Gauntlet | Found a transporter.
 15763 | Gauntlet | Found a transporter.
 15764 | Gauntlet | Noticed a reaper
 15771 | Gauntlet | Noticed a blizzard demon
 15771 | Gauntlet | Found the ring of Shadows {Umbra +Inv Stlth+}
 15773 | Gauntlet | Found a transporter.
 15787 | Gauntlet | Found a transporter.
 15800 | Gauntlet | Found a transporter.
 15800 | Gauntlet | Noticed a blizzard demon
 15807 | Gauntlet | Found a transporter.
 15807 | Gauntlet | Noticed a sixfirhy
 15820 | Gauntlet | Found a transporter.
 16207 | Gauntlet | Killed a catoblepas
 16628 | Gauntlet | Killed a blizzard demon
 16629 | Gauntlet | Reached XP level 12. HP: 80/102 MP: 12/12
 16674 | Gauntlet | Identified the +6 spear of Cudwita {vamp, Str+4}
 16817 | Gauntlet | Reached skill level 1 in Polearms
 16958 | Gauntlet | Noticed a minotaur
 17005 | Gauntlet | Killed a minotaur
 17553 | Lair:1   | Reached skill level 10 in Fighting
 17618 | Lair:1   | Identified the ring of Tiv Ragigig {Fire Will- rCorr Slay+5
                  | SInv}
 18250 | Lair:2   | Reached skill level 5 in Axes
 18642 | Lair:2   | Noticed a death yak
 18654 | Lair:2   | Killed a death yak
 19088 | D:7      | Killed Woods's ghost
 19274 | D:11     | Paralysed by an air elemental for 1 turns
 19281 | D:11     | Paralysed by an air elemental for 1 turns
 19570 | Lair:3   | Found a hole to the Spider Nest.
 20578 | Lair:4   | Reached XP level 13. HP: 92/111 MP: 13/13
 20591 | Lair:4   | Reached skill level 1 in Evocations
 20973 | Lair:4   | Found a staircase to the Swamp.
 21048 | Lair:4   | Slain by a tyrant leech

Illustrated notes

Levels and vault maps discovered:
D:1:      grunt_arrival_crossed_arrows, layout_basic, moated_statue
D:2:      layout_loops_ring, basic_altar
D:3:      layout_rooms, serial_shops, nicolae_shop_waterfront,
          shapermc_ecumenical_altar_mp_urbaneastern, uniq_jessica, uniq_natasha
D:4:      layout_loops_ring
D:5:      layout_basic, nzn_wu_jian_council_hall,
          minmay_temple_entry_statues_fountains, uniq_ijyb, uniq_prince_ribbit1
D:6:      lemuel_ratsnest, layout_basic, kennysheep_mini_moat, uniq_edmund
D:7:      layout_basic, pdpol_temple_overflow_zin_treasury_gozag_greed,
          gammafunk_ghost_necromancy, nicolae_wooded_promenade,
          hellmonk_bongcloud_opening, eino_small_chamber_without_monster,
          minivault_4, st_stairs_9
D:8:      layout_rooms, serial_shops, nicolae_shop_stone, shop,
          chequers_serial_rivers_small_b
D:9:      layout_layer_cave, orc_0_dummy, minmay_misc_feat_room
D:10:     layout_cave_pods, grunt_temple_overflow_open, serial_glass,
          glass_columns_a, glass_columns_b, minmay_strange_pillars,
          due_unseen_surprise, wad_scary_box
D:11:     layout_basic, lair_entry_dummy, enter_bailey_3, serial_shops,
          nicolae_diamond_shop, lightli_elemental_guards
Temple:   nicolae_temple_x_marks_the_god
Lair:1:   wad_woods_tower, layout_regular_city, gauntlet_entry_generic,
          serial_bayou_shore_a
Lair:2:   layout_cave_pods, st_stairs_7
Lair:3:   layout_hall_layers, spider_nest_entry_funnel_web, lemuel_fruit_tree,
          lemuel_fruit_fields, infiniplex_staircase_pool_2
Lair:4:   layout_cave_pods, palyth_hydra_swamp_entry, basic_altar,
          minmay_lair_oklob_bushes, beast_lair_carwin_9

Skill      XL: |  1  2  3  4  5  6  7  8  9 10 11 12 13 |
---------------+----------------------------------------+-----
Armour         | 2 3 4 5 6 7 8 9 |  9.4
Dodging        | 2 3 4 5 6 7 8 9 |  9.4
Maces & Flails | 3 4 5 6 7 |  7.4
Fighting       | 4 5 6 7 8 9 10 | 10.6
Slings         | 1 2 3 4 5 6 7 8 9 |  9.1
Axes           | 1 4 5 |  5.8
Polearms       | 3 4 |  4.0
Evocations     | 1 |  1.7

Action                   |  1- 3 |  4- 6 |  7- 9 | 10-12 | 13-15 || total
-------------------------+-------+-------+-------+-------+-------++-------
Melee: Mace              |   101 |   112 |       |       |       ||   213
       Flail             |       |    82 |   348 |       |       ||   430
       Great mace        |       |       |    31 |       |       ||    31
       Morningstar       |       |       |    22 |    34 |       ||    56
       Dire flail        |       |       |       |   369 |       ||   369
       Kick              |       |       |       |    45 |       ||    45
       War axe           |       |       |       |     6 |       ||     6
       Spear             |       |       |       |   358 |   118 ||   476
       Executioner's axe |       |       |       |    48 |       ||    48
 Fire: Hunting sling     |       |     1 |       |       |       ||     1
Throw: Dart              |       |       |     4 |       |       ||     4
Invok: Berserk           |     2 |     6 |     7 |     9 |       ||    24
       Trog's Hand       |       |       |     1 |     5 |     1 ||     7
       Brothers in Arms  |       |       |       |     1 |       ||     1
  Use: Scroll            |       |       |     5 |    11 |       ||    16
Armor: Leather armour    |    28 |    59 |       |       |       ||    87
       Animal skin       |     3 |       |       |       |       ||     3
       Ring mail         |       |    19 |     3 |       |       ||    22
       Plate armour      |       |       |   247 |   491 |   138 ||   876
Dodge: Dodged            |    71 |   142 |   191 |   479 |   145 ||  1028
Block: Other             |       |       |       |    77 |    38 ||   115

Table legend: (Time is in decaauts)
 A = Elapsed time spent in this place.
 B = Non-inter-level travel time spent in this place.
 C = Inter-level travel time spent in this place.
 D = Time resting spent in this place.
 E = Time spent auto-exploring this place.
 F = Levels seen in this place.
 G = Mean time per level.
                   A        B        C        D        E       F      G
               +--------+--------+--------+--------+--------+-----+--------+
         Total |  21349 |  20180 |   1169 |   1940 |  14135 |  17 | 1255.8 |
       Dungeon |  16087 |  15046 |   1041 |   1143 |  11173 |  11 | 1462.5 |
        Temple |    415 |    415 |      0 |    397 |      0 |   1 |  415.0 |
          Lair |   3457 |   3330 |    127 |      0 |   2700 |   4 |  864.2 |
      Gauntlet |   1389 |   1389 |      0 |    399 |    261 |   1 | 1389.0 |
               +--------+--------+--------+--------+--------+-----+--------+

Top non-repeatable levels by time:
     D:7: 2149 daAuts
     D:6: 1962 daAuts
    D:11: 1956 daAuts
     D:3: 1613 daAuts
     D:1: 1588 daAuts
    D:10: 1508 daAuts
Gauntlet: 1389 daAuts
     D:2: 1259 daAuts
     D:9: 1226 daAuts
  Lair:1: 1000 daAuts
     D:4: 987 daAuts
  Lair:2: 973 daAuts
     D:5: 934 daAuts
     D:8: 899 daAuts
  Lair:3: 831 daAuts
